 Dungeon Crawl Stone Soup version 0.29.1-14-g9c671dbff4 (webtiles) character file.

Game seed: 14870347315997730622

49 tizbic2 the Shooter (level 3, -3/18 HPs)
             Began as a Vine Stalker Hunter on Feb 13, 2023.
             Slain by Terence
             ... wielding a +0 trident
              (7 damage)
             ... on level 2 of the Dungeon.
             The game lasted 00:07:14 (1846 turns).

tizbic2 the Shooter (Vine Stalker Hunter)           Turns: 1846, Time: 00:07:15

Health: -3/18      AC:  6    Str: 13    XL:     3   Next: 75%
Magic:  0/6        EV: 11    Int: 15    God:
Gold:   74         SH:  0    Dex: 19    Spells: 5/5 levels left

rFire   . . .      SeeInvis .   a - +2 dagger (venom)
rCold   . . .      Faith    .   (no shield)
rNeg    . . .      Spirit   +   g - +0 ring mail
rPois   .          Reflect  .   (no helmet)
rElec   .          Harm     .   d - +0 cloak
rCorr   .          Rampage  .   (no gloves)
Will    +....                   (no boots)
Stlth   +.........              (no amulet)
HPRegen 0.06/turn               l - +6 ring of intelligence
MPRegen 0.10/turn               n - ring of willpower

@: mighty
A: fangs 2, magic shield, antimagic bite, no potion heal 2
a: no special abilities


You were on level 2 of the Dungeon.
You visited 1 branch of the dungeon, and saw 2 of its levels.

You collected 74 gold pieces.

Inventory:

Hand Weapons
 a - a +2 dagger of venom (weapon)
 w - a +1 shortbow
Missiles
 o - 11 poisoned darts
Armour
 d - a +0 cloak (worn)
 g - a +0 ring mail (worn)
 q - a +0 chain mail
Jewellery
 h - a ring of ice
 l - a +6 ring of intelligence (left hand)
 n - a ring of willpower (right hand)
Scrolls
 b - 2 scrolls of immolation
 e - a scroll of identify
 f - a scroll of enchant armour {unknown}
 k - a scroll of noise {unknown}
Potions
 c - a potion of curing {unknown}
 i - a potion of ambrosia
 j - a potion of berserk rage {unknown}
 m - a potion of magic {unknown}


   Skills:
 + Level 2.2 Fighting
 * Level 4.1 Ranged Weapons
 - Level 1.6 Dodging
 - Level 1.3 Stealth
 * Level 1.8 Spellcasting


You had 5 spell levels left.
You didn't know any spells.
Your spell library was empty.

Dungeon Overview and Level Annotations

Branches:
Dungeon (2/15)

Altars:

Shops:
D:2 (

Annotations:
D:2 1 runed translucent door, Crazy Yiuf, Terence


Innate Abilities, Weirdness & Mutations

You have extremely sharp teeth.
When hurt, damage is shared between your health and your magic reserves.
Your bite disrupts and absorbs the magic of your enemies.
Potions cannot restore your health.


Message History

You now have 63 gold pieces (gained 5).
e - a scroll of identify
Found a scroll labelled WOT MIGAASMI.
You now have 74 gold pieces (gained 11).
A ball python comes into view.
k - a scroll labelled WOT MIGAASMI
Found an escape hatch in the ceiling.
You shoot an arrow. The arrow hits the ball python!
You kill the ball python!
There is an escape hatch in the ceiling here.
There is an escape hatch in the ceiling here.
Terence the Incautious comes into view.
He is wielding a +0 trident.
Terence shouts!
Terence says, "Don't bother to defend, it's senseless."
You shoot an arrow. The arrow hits Terence.
Terence is lightly wounded.
You shoot an arrow.
The arrow hits Terence but does no damage.
Terence is lightly wounded.
Terence hits you from afar with a +0 trident.
You shoot an arrow.
The arrow hits Terence but does no damage.
Terence is lightly wounded.
Terence hits you from afar with a +0 trident!
Terence barely misses you.
You shoot an arrow. The arrow barely misses Terence.
Terence hits you but does no damage.
You shoot an arrow. The arrow hits Terence.
Terence is moderately wounded.
Terence closely misses you.
Terence hits you from afar with a +0 trident.
Found a fuming inky potion.
You feel very mighty all of a sudden.
Terence hits you from afar with a +0 trident.
* * * LOW HITPOINT WARNING * * *
You are too injured to fight recklessly!
Your +2 dagger of venom begins to drip with poison!
a - a +2 dagger of venom (weapon)
Terence hits you with a +0 trident!
You die...

#.##### #.# #. #.# .!. #####
######.# ..# ...# #..<...# ....
#.# ...# #.##.##....... #.# ...#
#.#...#.##.### #.### ...#
#...###....# #####.... ...#
#.#########..#####..<...#. †..#
#.......@@................ ...#
.#########.#............... ...##
.#......<...##............#
....##.#.#######..#†#..........#.
.......#.# ##...#.##......##.#
###......######.....##.#....#.##.
#...#####.........#.#.#..#.#.#.
#...###....##......#.##..##.#..
#...##..(# ###......##....##..†


You could see Terence.

Vanquished Creatures
  An adder (D:2)
  4 dart slugs
  4 endoplasms
  2 giant cockroaches
  2 goblins
  3 hobgoblins
  A quokka (D:1)
  7 ball pythons
  A bat (D:2)
  4 kobolds
29 creatures vanquished.

Notes
Turn   | Place    | Note
-------+----------+-------------------------------------------
     0 | D:1      | tizbic2 the Vine Stalker Hunter began the quest for the
                  | Orb.
     0 | D:1      | Reached XP level 1. HP: 11/11 MP: 2/2
   311 | D:1      | Reached XP level 2. HP: 15/15 MP: 3/3
   785 | D:1      | Reached skill level 1 in Spellcasting
  1444 | D:2      | Reached XP level 3. HP: 15/18 MP: 3/5
  1493 | D:2      | Reached skill level 4 in Ranged Weapons
  1593 | D:2      | Found Cosebloe's Weapon Shop.
  1621 | D:2      | Found a faded altar of an unknown god.
  1684 | D:2      | Found a runed translucent door.
  1685 | D:2      | Noticed Crazy Yiuf
  1834 | D:2      | Noticed Terence
  1846 | D:2      | Slain by Terence

Illustrated notes

Levels and vault maps discovered:
D:1:      tarquinn_simple_flora_water_d, layout_loops_corners,
          roderic_lattice_a, chequers_serial_rivers_micro_c
D:2:      layout_basic, ebering_ecumenical_altar_hall, serial_shops,
          nicolae_shop_trees, minmay_misc_feat_secret_circle, uniq_terence,
          uniq_crazy_yiuf_cottage

Skill      XL: |  1  2  3 |
---------------+----------+-----
Fighting       | 2 |  2.2
Spellcasting   | 1 |  1.8
Ranged Weapons | 4 |  4.1
Dodging        | |  1.6
Stealth        | |  1.3

Action                   || total
-------------------------++-------
Melee: Dagger            ||     2
 Fire: Shortbow          ||    80
  Use: Scroll            ||     3
       Potion            ||     1
Armor: Leather armour    ||     2
       Ring mail         ||    17
Dodge: Dodged            ||    32
